 Dungeon Crawl Stone Soup version 0.31.0-12-g77e489cdc1 (webtiles) character file.

Game seed: 11217701702541663061

806 hawla the Fighter (level 7, 0/70 HPs)
             Began as a Minotaur Fighter on Feb 19, 2024.
             Slain by a centaur (5 damage)
             ... on level 5 of the Dungeon.
             The game lasted 00:07:00 (3644 turns).

hawla the Fighter (Minotaur Fighter)                Turns: 3644, Time: 00:07:01

Health: 0/70       AC:  6    Str: 21    XL:     7   Next: 60%
Magic:  6/6        EV:  9    Int:  5    God:
Gold:   106        SH:  5    Dex: 11    Spells: 6/6 levels left

rFire   + . .        a - +0 long sword
rCold   + . .        c - +1 buckler
rNeg    . . .        b - +1 scale mail
rPois   +            (helmet restricted)
rElec   +            t - +0 cloak
rCorr   +            (no gloves)
SInv    .            (no boots)
Will    .....        (no amulet) Stlth
                     (no ring)
HPRegen 1.11/turn    (no ring)
MPRegen 0.10/turn

%: no passive effects
@: mighty, about to teleport, resistant, studying Ice Magic
A: horns 2, retaliatory headbutt, deformed body, regeneration 1, devolution 1
a: no special abilities


You were on level 5 of the Dungeon.
You visited 1 branch of the dungeon, and saw 5 of its levels.

You collected 186 gold pieces.
You spent 80 gold pieces at shops.

Inventory:

Hand Weapons
 a - a +0 long sword (weapon)
Missiles
 u - 13 poisoned darts (quivered)
Armour
 b - a +1 scale mail (worn)
 c - a +1 buckler (worn)
 t - a +0 cloak (worn)
Scrolls
 e - 2 scrolls of teleportation
 g - a scroll of silence
 i - a scroll of enchant armour
 k - a scroll of blinking {unknown}
 l - a scroll of vulnerability {unknown}
 m - a scroll of torment {unknown}
 o - a scroll of brand weapon {unknown}
 q - a scroll of enchant weapon {unknown}
 w - a scroll of revelation {unknown}
Potions
 r - a potion of brilliance {unknown}
 x - a potion of enlightenment {unknown}


   Skills:
 - Level 9.0 Fighting
 - Level 2.4 Long Blades
 + Level 5.0 Throwing
 - Level 3.6 Armour
 - Level 3.6 Shields


You had 6 spell levels left.
You didn't know any spells.
Your spell library was empty.

Dungeon Overview and Level Annotations

Branches:
Dungeon (5/15)
 Temple: D:4-7

Altars:
Cheibriados
Hepliaklqana
Makhleb
Nemelex Xobeh
The Shining One

Shops:
D:3 !   D:4 [


Innate Abilities, Weirdness & Mutations

You have a pair of horns on your head.
You reflexively headbutt those who attack you in melee.
Armour fits poorly on your strangely shaped body.
Your natural rate of healing is unusually fast.
You have hidden genetic defects.


Message History

You block the centaur's attack. The centaur closely misses you.
The centaur kicks you.
* * * LOW HITPOINT WARNING * * *
You barely miss the centaur.
The centaur is almost dead.
The centaur hits you.
* * * LOW HITPOINT WARNING * * *
The centaur kicks you but does no damage.
The centaur hits you but does no damage.
The centaur kicks you but does no damage.
The centaur hits you.
* * * LOW HITPOINT WARNING * * *
The centaur closely misses you.
An ice beast comes into view.
The centaur hits you.
* * * LOW HITPOINT WARNING * * *
The centaur kicks you but does no damage.
The centaur hits you but does no damage.
The centaur closely misses you.
You feel better. You block the centaur's attack.
The centaur completely misses you. The centaur misses you.
The centaur kicks you but does no damage.
As you read the scroll of teleportation, it crumbles to dust.
You feel strangely unstable. The centaur hits you.
* * * LOW HITPOINT WARNING * * *
The centaur barely misses you. The centaur closely misses you.
You block the centaur's attack. The centaur barely misses you.
The centaur kicks you but does no damage.
The centaur hits you.
* * * LOW HITPOINT WARNING * * *
The centaur barely misses you.
Okay, then.
It was a potion of resistance.
You feel protected. The centaur hits you.
* * * LOW HITPOINT WARNING * * *
The centaur kicks you.
* * * LOW HITPOINT WARNING * * *
The centaur hits you.
You die...

#. #.....
#..### #.) (#
.. #....#
#....# ..# ..
#... .....#
#.##.# #.#
.#.#..
##..#.# #..
:#$..
#.⌠.⌠.## #.#
...# #.._...#
#.## ..#
#.⌠.⌠#.#
##..##c##..#
#...##.#
#....@c....#
#.####.##
#.#####.....#
#.# #..###.#
###.. #.#
##..##.# #.#
##.#..# #.#
#.#.## ##.#
#.#.# #..#
#.#.#####.#
#.##
#.#.......#


You could see 2 centaurs.

Vanquished Creatures
  Eustachio (D:4)
  Menkaure (D:4)
  Edmund (D:4)
  A centaur (D:5)
  2 scorpions (D:4)
  A jelly (D:4)
  2 iguanas
  6 adders
  A shadow imp (D:4)
  A dart slug (D:1)
  A ribbon worm (D:3)
  9 orcs
  6 endoplasms
  A giant cockroach (D:2)
  8 goblins
  10 hobgoblins
  2 jackals (D:4)
  6 kobolds
  2 quokkas
  9 ball pythons
  3 bats
  6 frilled lizards
  9 rats
89 creatures vanquished.

Notes
Turn   | Place    | Note
-------+----------+-------------------------------------------
     0 | D:1      | hawla the Minotaur Fighter began the quest for the Orb.
     0 | D:1      | Reached XP level 1. HP: 19/19 MP: 0/0
   201 | D:1      | Reached skill level 4 in Fighting
   249 | D:1      | Reached XP level 2. HP: 27/28 MP: 1/1
   859 | D:2      | Reached skill level 5 in Fighting
   900 | D:2      | Reached XP level 3. HP: 32/36 MP: 2/2
  1490 | D:2      | Reached skill level 6 in Fighting
  1490 | D:2      | Reached XP level 4. HP: 44/44 MP: 3/3
  1744 | D:3      | Found Dovouste's Distillery.
  1752 | D:3      | Bought a potion of heal wounds for 50 gold pieces
  1752 | D:3      | Bought a potion of curing for 30 gold pieces
  1930 | D:3      | Found a snail-covered altar of Cheibriados.
  2256 | D:4      | Noticed a scorpion
  2266 | D:4      | Killed a scorpion
  2267 | D:4      | Reached skill level 7 in Fighting
  2267 | D:4      | Reached XP level 5. HP: 39/52 MP: 4/4
  2347 | D:4      | Noticed Edmund
  2360 | D:4      | Killed Edmund
  2361 | D:4      | Reached skill level 8 in Fighting
  2361 | D:4      | Reached XP level 6. HP: 37/62 MP: 5/5
  2469 | D:4      | Found Yhuypt's Armour Shoppe.
  2545 | D:4      | Found a burning altar of Makhleb.
  2556 | D:4      | Reached skill level 9 in Fighting
  2675 | D:4      | Found a glowing golden altar of the Shining One.
  2713 | D:4      | Reached skill level 1 in Throwing
  2961 | D:4      | Noticed Eustachio
  2982 | D:4      | Killed Eustachio
  2983 | D:4      | Reached XP level 7. HP: 46/70 MP: 6/6
  3116 | D:4      | Noticed Menkaure
  3276 | D:4      | Killed Menkaure
  3397 | D:4      | Found a hazy altar of Hepliaklqana.
  3464 | D:5      | Entered Level 5 of the Dungeon
  3509 | D:5      | Gained mutation: Your natural rate of healing is unusually
                  | fast. [potion of mutation]
  3509 | D:5      | Gained mutation: You have hidden genetic defects. [potion
                  | of mutation]
  3509 | D:5      | Gained mutation: Armour fits poorly on your strangely
                  | shaped body. [potion of mutation]
  3529 | D:5      | Reached skill level 5 in Throwing
  3600 | D:5      | Found a sparkling altar of Nemelex Xobeh.
  3641 | D:5      | HP: 3/70 [centaur (4)]
  3644 | D:5      | Slain by a centaur

Illustrated notes

Levels and vault maps discovered:
D:1:      onia_arrival_mini_maze, layout_loops_ring
D:2:      layout_rooms, kennysheep_big_empty_room, kennysheep_minor_cross,
          hangedman_decor_push, bh_walls_and_bars
D:3:      layout_rooms, cheibriados_altar_1, serial_shops, shop
D:4:      layout_basic, bloody_makhleb, kennysheep_mini,
          mainiacjoe_overflow_brackets, serial_shops, shop, uniq_menkaure,
          uniq_edmund, uniq_eustachio
D:5:      layout_rooms, nemelex_xobeh_ov_fountains_minmay,
          hangedman_decor_opposing, minmay_manual_mares

Skill      XL: |  1  2  3  4  5  6  7 |
---------------+----------------------+-----
Fighting       | 4 5 6 7 8 9 |  9.0
Throwing       | 3 5 |  5.0
Long Blades    | |  2.4
Armour         | |  3.6
Shields        | |  3.6

Action                     |  1- 3 |  4- 6 |  7- 9 || total
---------------------------+-------+-------+-------++-------
  Melee: Long sword        |    90 |   131 |    20 ||   241
         Headbutt          |     9 |    17 |     5 ||    31
  Evoke: Wand              |       |     1 |     3 ||     4
    Use: Scroll            |     3 |     5 |     4 ||    12
         Potion            |       |     1 |    11 ||    12
 Armour: Scale mail        |    65 |   159 |    62 ||   286
         Skin              |       |       |    36 ||    36
  Dodge: Dodged            |    38 |    95 |    26 ||   159
  Block: Buckler           |    18 |    41 |    15 ||    74
